 Dungeon Crawl Stone Soup version 0.31-a0-978-g1e143483b6 (webtiles) character file.

Game seed: 8974398234955322758

40131 Persephone the Grappler (level 13, -2/224 (259) HPs)
             Began as a Troll Shapeshifter on Oct 30, 2023.
             Was an Elder of Trog.
             Slain by a wolf (6 damage)
             ... on level 2 of the Lair of Beasts.
             The game lasted 00:22:50 (10491 turns).

Persephone the Grappler (Troll Shapeshifter)       Turns: 10491, Time: 00:22:50

HP:   -2/224 (259)  AC: 11    Str: 33 (34) XL:     13   Next: 73%
MP:   21/21         EV:  9    Int:  6      God:    Trog [****..]
Gold: 687           SH:  0    Dex:  8 (11) Spells: 12/12 levels left

rFire   + .          .
                       - Unarmed
rCold   + + .        (shield currently unavailable)
rNeg    . . .        B - melded +0 troll leather armour {Pargi}
rPois   +            (helmet currently unavailable)
rElec   .            (cloak currently unavailable)
rCorr   +            (gloves unavailable)
SInv    .            (boots unavailable)
Will    +....        t - amulet of regeneration Stlth
                     L - ring of the Augurer {rPois rF+ rCorr MP+9 Slay-6}
HPRegen 2.17/turn    N - ring "Xotof" {rC++ Will+ Dex+2}
MPRegen 0.17/turn

%: clarity
@: berserking, snake-form, heavily drained, very quick
A: constrict, boosted hp, large, unfitting armour, (claws 3), regeneration 1,
(shaggy fur 1), (tough skin 1), clarity, robust 1
a: Begin Untransformation, Renounce Religion, Berserk, Trog's Hand, Brothers in
Arms


You were on level 2 of the Lair of Beasts.
You worshipped Trog.
Trog was greatly pleased with you.
You were an enormous anaconda.
You visited 2 branches of the dungeon, and saw 13 of its levels.
You also visited: Sewer, Bailey and Gauntlet.

You collected 687 gold pieces.

Inventory:

Missiles
 D - 10 large rocks
 O - 4 javelins (quivered)
Armour
 k - a +2 cloak
 y - a scarf of invisibility
 B - a +0 troll leather armour (melded) {Pargi}
 C - a +0 buckler
 K - a +2 cloak of willpower
Jewellery
 e - a ring of poison resistance
 g - a ring of protection from fire
 l - an amulet of magic regeneration
 s - a +6 ring of dexterity
 t - an amulet of regeneration (around neck)
 L - the ring of the Augurer (left hand) {rPois rF+ rCorr MP+9 Slay-6}
   (You found it in a Gauntlet)

   [ring of protection from fire]

   Slay-6:    It affects your accuracy & damage with ranged weapons and melee
   (-6).
   rF+:       It protects you from fire.
   rPois:     It protects you from poison MP+9: It affects your magic capacity
   (+9).
   rCorr:     It protects you from acid and corrosion.
 N - the ring "Xotof" (right hand) {rC++ Will+ Dex+2}
   (You took it off a minotaur in a Gauntlet)

   [ring of willpower]

   Dex+2:     It affects your dexterity (+2).
   rC++:      It greatly protects you from cold.
   Will+:     It increases your willpower.
 P - a ring of willpower
 Q - a +6 ring of strength
 T - a +6 ring of dexterity
Talismans
 c - a beast talisman
 d - a flux talisman
 A - a serpent talisman (active)
 J - a blade talisman
 U - a talisman of death
Wands
 n - a wand of quicksilver (6)
 R - a wand of paralysis (12)
 S - a wand of iceblast (5)
Scrolls
 a - 3 scrolls of teleportation
 h - 4 scrolls of noise
 m - a scroll of blinking
 o - 2 scrolls of torment
 p - 4 scrolls of revelation
 E - a scroll of enchant weapon
 F - a scroll of vulnerability
 G - 2 scrolls of butterflies
 V - a scroll of fear
Potions
 b - 2 potions of lignification
 f - a potion of cancellation
 i - 6 potions of curing
 j - 2 potions of might
 q - a potion of berserk rage
 r - 4 potions of brilliance
 u - 2 potions of resistance
 v - a potion of heal wounds
 w - 2 potions of haste
 x - 2 potions of magic


   Skills:
 + Level 9.2 Fighting
 - Level 1.5 Dodging
 + Level 14.6 Unarmed Combat
 * Level 13.2 Shapeshifting


You had 12 spell levels left.
You didn't know any spells.
Your spell library contained the following spells:

 Spells                   Type           Power      Damage    Failure   Level
 Apportation              Tloc           0%         N/A       45%         1
 Necrotise                Necr           0%         1d4       45%         1
 Summon Small Mammal      Summ           0%         N/A       45%         1


Dungeon Overview and Level Annotations

Branches:
Dungeon (11/15)            Temple (0/1) D:7            Lair (2/5) D:9
  Sewer (visited)          Bailey (visited)         Gauntlet (visited)
  Swamp: Lair:2-3    Shoals: Lair:2-3     Snake: Lair:2-3    Spider: Lair:2-3
    Orc: D:9-12

Altars:
Ashenzari
Dithmenos
Kikubaaqudgha
Nemelex Xobeh
Qazlal
Trog
Vehumet
Xom
Lugonu

Portals:
Abyss: D:1

Annotations:
D:1 2 runed translucent doors
D:3 3 runed translucent doors, voltaire321's ghost, novice OpSh
Lair:1 2 transporters, 3 runed translucent doors, Nyony's ghost, journeyman TrSh


Innate Abilities, Weirdness & Mutations

You are an enormous anaconda.
You have a powerful constriction melee attack.
Your maximum health is increased.
Your armour is entirely melded.
You are incapable of wielding weapons or throwing items.
You are too large for most types of armour.
((You have claws for hands.))
Your natural rate of healing is unusually fast.
((You are covered in fur. (AC +1)))
((You have tough skin. (AC +1)))
You possess an exceptional clarity of mind.
You are robust. (+10% HP)


Message History

You constrict the yak. The wolf bites you but does no damage.
The skyshark bites you!
* * * LOW HITPOINT WARNING * * *
The skyshark closely misses you. The skyshark tail-slaps you!
* * * LOW HITPOINT WARNING * * *
You body-slam the skyshark!!
The skyshark is almost dead.
You constrict the yak. The wolf bites you but does no damage.
The yak gores you but does no damage. The yak gores you.
* * * LOW HITPOINT WARNING * * *
The wyvern misses you.
You barely miss the skyshark.
The skyshark is almost dead.
You constrict the yak. The wolf closely misses you. The wolf barely misses you.
The skyshark completely misses you. The skyshark tail-slaps you!
* * * LOW HITPOINT WARNING * * *
The skyshark tail-slaps you but does no damage.
You hit the skyshark.
You kill the skyshark!
Trog accepts your kill.
You constrict the yak. The wyvern bites you!
* * * LOW HITPOINT WARNING * * *
The wolf bites you!
* * * LOW HITPOINT WARNING * * *
The wolf bites you.
* * * LOW HITPOINT WARNING * * *
The yak closely misses you.
You lash the wyvern!
The wyvern is moderately wounded.
You constrict the yak, but do no damage.
The wolf bites you!
* * * LOW HITPOINT WARNING * * *
The wyvern bites you.
* * * LOW HITPOINT WARNING * * *
The wolf bites you but does no damage. x2
You crush the wyvern!!!
You kill the wyvern!
Trog accepts your kill.
You constrict the yak. The wolf bites you.
You die...

#.#..........
##...........
#......###.. .
#......##.##..
##..$....Y....
#.......#.#..
#............
#...YhhY....#
#...YSY......
#....††h...P..
##............
#...........#
#............
#).###P..~.##.
##. ...~PP..
.. #..~P...


You could see 5 yaks and 3 wolves.

Vanquished Creatures
  A minotaur (Gauntlet)
  A rakshasa (D:9)
  A centaur warrior (D:9)
  Erica (D:8)
  2 two-headed ogres
  3 death yaks (D:9)
  Sonja (Lair:2)
  2 skysharks (Lair:2)
  A flayed ghost (D:11)
  A shining eye (Gauntlet)
  An oklob plant (Gauntlet)
  3 elephants (Lair:1)
  2 black mambas (Lair:2)
  2 cyclopes (D:11)
  2 gargoyles
  Maggie (D:8)
  A rime drake (Lair:1)
  4 komodo dragons
  An unseen horror (D:10)
  A troll (D:10)
  2 burning bushes (Lair:2)
  Grinder (D:6)
  2 hornets
  A raiju (Gauntlet)
  3 blink frogs (Lair:2)
  3 wraiths
  A vampire (D:9)
  5 spriggans (Bailey)
  Grum (D:8)
  3 wyverns
  11 yaks
  2 golden eyes (Gauntlet)
  3 vampire mosquitoes
  4 steam dragons
  4 acid dragons
  6 water moccasins
  Pargi (Sewer)
  2 ice beasts
  3 sky beasts
  2 black bears
  4 ogres
  5 wolves
  3 centaurs
  3 phantoms
  2 kobold brigands (D:10)
  3 bullfrogs
  A gnoll sergeant (D:10)
  2 scorpions
  5 wights
  A howler monkey (D:9)
  2 hounds
  A jelly (D:7)
  3 orc priests
  A gnoll bouda (D:6)
  Jessica (D:3)
  Natasha (D:2)
  4 orc wizards
  3 sleepcaps
  2 iguanas (D:5)
  A hell rat (D:9)
  A lightning spire (Gauntlet)
  12 gnolls
  15 adders
  A river rat (D:9)
  A shadow imp (D:7)
  A white imp (D:7)
  2 ufetubi (D:6)
  3 worms
  3 dart slugs (D:3)
  12 orcs
  9 ball pythons
  5 endoplasms
  6 giant cockroaches
  15 goblins
  9 hobgoblins
  11 jackals
  16 kobolds
  5 quokkas
  5 bats
  22 frilled lizards
  10 rats
304 creatures vanquished.

Notes
Turn   | Place    | Note
-------+----------+-------------------------------------------
     0 | D:1      | Persephone the Troll Shapeshifter began the quest for the
                  | Orb.
     0 | D:1      | Reached XP level 1. HP: 18/18 MP: 0/0
   104 | D:1      | Found a large runed translucent door.
   104 | D:1      | Found a large runed translucent door.
   104 | D:1      | Found a one-way gate to the infinite horrors of the Abyss.
   104 | D:1      | Noticed an iron imp
   104 | D:1      | Noticed a crimson imp
   104 | D:1      | Noticed an iron imp
   105 | D:1      | Noticed an iron imp
   105 | D:1      | Noticed a crimson imp
   106 | D:1      | Found a corrupted altar of Lugonu.
   106 | D:1      | Noticed an iron imp
   106 | D:1      | Noticed an iron imp
   106 | D:1      | Noticed a crimson imp
   106 | D:1      | Noticed an iron imp
   108 | D:1      | Reached skill level 1 in Fighting
   114 | D:1      | Noticed a crimson imp
   143 | D:1      | Reached XP level 2. HP: 26/27 MP: 1/1
   169 | D:1      | Found a faded altar of an unknown god.
  1038 | D:2      | Reached XP level 3. HP: 33/33 MP: 2/2
  1111 | D:2      | Reached skill level 4 in Unarmed Combat
  1428 | D:2      | Reached XP level 4. HP: 42/42 MP: 3/3
  1801 | D:2      | Noticed Natasha
  1804 | D:2      | Killed Natasha
  2022 | D:3      | Noticed Jessica
  2032 | D:3      | Killed Jessica
  2033 | D:3      | Reached XP level 5. HP: 35/49 MP: 4/4
  2175 | D:3      | Found a bloodstained altar of Trog.
  2253 | D:3      | Became a worshipper of Trog the Wrathful
  2324 | D:3      | Reached skill level 5 in Unarmed Combat
  2620 | D:3      | Found a runed translucent gate.
  2621 | D:3      | Found a runed translucent gate.
  2622 | D:3      | Found a runed translucent gate.
  2625 | D:3      | Noticed voltaire321's ghost (novice OpSh)
  2901 | D:4      | Found a stormy altar of Qazlal.
  2908 | D:4      | Reached XP level 6. HP: 47/59 MP: 5/5
  2951 | D:4      | Found a shadowy altar of Dithmenos.
  3240 | D:4      | Reached * piety under Trog
  3413 | D:4      | Found a shimmering altar of Xom.
  3440 | D:4      | Found a radiant altar of Vehumet.
  3465 | D:5      | Entered Level 5 of the Dungeon
  3679 | D:5      | Reached skill level 6 in Unarmed Combat
  3679 | D:5      | Reached XP level 7. HP: 61/67 MP: 6/6
  4387 | D:6      | Reached ** piety under Trog
  4396 | D:6      | Found a glowing drain.
  4401 | Sewer    | Entered a sewer
  4487 | Sewer    | Noticed Pargi
  4497 | Sewer    | Killed Pargi
  4498 | Sewer    | Reached skill level 7 in Unarmed Combat
  4498 | Sewer    | Reached skill level 5 in Shapeshifting
  4653 | D:6      | Reached XP level 8. HP: 78/78 MP: 7/7
  4843 | D:6      | Noticed Grinder
  4848 | D:6      | Killed Grinder
  4849 | D:6      | Reached skill level 8 in Unarmed Combat
  5032 | D:6      | Found an ancient bone altar of Kikubaaqudgha.
  5377 | D:7      | Found a staircase to the Ecumenical Temple.
  5669 | D:7      | Reached skill level 9 in Unarmed Combat
  5669 | D:7      | Reached XP level 9. HP: 68/87 MP: 8/8
  5924 | D:8      | Found a flagged portal.
  5934 | D:8      | Reached skill level 5 in Fighting
  5998 | Bailey   | Entered a bailey
  6064 | Bailey   | Reached skill level 10 in Unarmed Combat
  6078 | Bailey   | Noticed a two-headed ogre
  6108 | Bailey   | Killed a two-headed ogre
  6109 | Bailey   | Reached XP level 10. HP: 86/98 MP: 9/9
  6163 | Bailey   | Identified the +10 giant club "Uteyleep" {venom, Will+}
  6300 | D:8      | Noticed Erica
  6302 | D:8      | Noticed Maggie
  6304 | D:8      | Noticed Grum
  6307 | D:8      | Killed Erica
  6308 | D:8      | Reached skill level 11 in Unarmed Combat
  6312 | D:8      | Killed Grum
  6316 | D:8      | Killed Maggie
  6465 | D:8      | Noticed a two-headed ogre
  6473 | D:8      | Killed a two-headed ogre
  6661 | D:8      | Reached skill level 12 in Unarmed Combat
  6797 | D:9      | Noticed a gargoyle
  6801 | D:9      | Killed a gargoyle
  6817 | D:9      | Identified the +12 dagger of Immorality {flame, *Rage rElec
                  | rN+++ Dex-4}
  6826 | D:9      | Noticed a death yak
  6836 | D:9      | Killed a death yak
  6866 | D:9      | Found a staircase to the Lair.
  6868 | D:9      | Noticed a death yak
  6869 | D:9      | Noticed a death yak
  6879 | D:9      | Killed a death yak
  6880 | D:9      | Reached XP level 11. HP: 69/109 MP: 10/10
  6885 | D:9      | Killed a death yak
  6967 | D:9      | Noticed a centaur warrior
  6969 | D:9      | Noticed a rakshasa
  6975 | D:9      | Killed a rakshasa
  6979 | D:9      | Killed a centaur warrior
  6984 | D:9      | Reached skill level 13 in Unarmed Combat
  7072 | D:9      | Reached *** piety under Trog
  7438 | D:10     | Entered Level 10 of the Dungeon
  7883 | D:10     | Found a sparkling altar of Nemelex Xobeh.
  7914 | D:10     | Identified the +1 war axe of Sudops {heavy, rElec Int+8
                  | Dex+3 Stlth-}
  8020 | D:10     | Reached **** piety under Trog
  8045 | D:10     | Found a broken altar of Ashenzari.
  8520 | D:11     | Noticed a flayed ghost
  8576 | D:11     | Killed a flayed ghost
  8593 | D:11     | Noticed a two-headed ogre
  8758 | D:11     | Reached XP level 12. HP: 122/122 MP: 11/11
  8825 | Gauntlet | Identified the of Hont
  8825 | Lair:1   | Entered Level 1 of the Lair of Beasts
  8836 | Lair:1   | Reached skill level 10 in Shapeshifting
  8854 | Lair:1   | Found a transporter.
  8872 | Lair:1   | Found a gate leading to a gauntlet.
  8880 | Gauntlet | Entered a Gauntlet
  8880 | Gauntlet | Found a transporter.
  8880 | Gauntlet | Found a transporter.
  8880 | Gauntlet | Found a runed translucent gate.
  8882 | Gauntlet | Found a runed translucent gate.
  8883 | Gauntlet | Found a runed translucent gate.
  8886 | Gauntlet | Found a transporter.
  8901 | Gauntlet | Found a transporter.
  8916 | Gauntlet | Found a transporter.
  8916 | Gauntlet | Found a transporter.
  8916 | Gauntlet | Found a transporter.
  8918 | Gauntlet | Found a transporter.
  8918 | Gauntlet | Found a transporter.
  8929 | Gauntlet | Found a runed translucent door.
  8929 | Gauntlet | Noticed a catoblepas
  8932 | Gauntlet | Found a transporter.
  8946 | Gauntlet | Found a transporter.
  8954 | Gauntlet | Found a runed translucent door.
  8956 | Gauntlet | Found a transporter.
  8958 | Gauntlet | Found a runed translucent door.
  8961 | Gauntlet | Found a transporter.
  8996 | Gauntlet | Found a transporter.
  9039 | Gauntlet | Reached skill level 14 in Unarmed Combat
  9050 | Gauntlet | Gained mutation: You sometimes lose your temper in combat.
                  | [a shining eye]
  9054 | Gauntlet | Gained mutation: Your spells are a little easier to cast,
                  | but a little less powerful. [a shining eye]
  9056 | Gauntlet | Gained mutation: You are occasionally teleported next to
                  | monsters. [a shining eye]
  9058 | Gauntlet | Gained mutation: Your magical capacity is low. (-10% MP) [a
                  | shining eye]
  9058 | Gauntlet | Gained mutation: You occasionally shout uncontrollably at
                  | your foes. [a shining eye]
  9221 | Gauntlet | Identified the ring of the Augurer {rPois rF+ rCorr MP+9
                  | Slay-6}
  9257 | Gauntlet | Identified the ring "Xotof" {rC++ Will+ Dex+2}
  9257 | Gauntlet | Noticed a minotaur
  9264 | Gauntlet | Killed a minotaur
  9270 | Gauntlet | Identified the +1 spear "Jyirghiss" {venom, rCorr}
  9835 | Lair:1   | Found a transporter.
  9835 | Lair:1   | Found a runed translucent gate.
  9836 | Lair:1   | Found a runed translucent gate.
  9837 | Lair:1   | Found a runed translucent gate.
  9838 | Lair:1   | Noticed Nyony's ghost (journeyman TrSh)
  9839 | Lair:1   | Noticed Nyony's ghost (journeyman TrSh)
 10200 | Lair:2   | Noticed Sonja
 10220 | Lair:2   | Killed Sonja
 10302 | Lair:2   | Reached XP level 13. HP: 94/94 MP: 10/10
 10305 | Lair:2   | Lost mutation: You sometimes lose your temper in combat.
                  | [potion of mutation]
 10305 | Lair:2   | Lost mutation: Your spells are a little easier to cast, but
                  | a little less powerful. [potion of mutation]
 10305 | Lair:2   | Lost mutation: You occasionally shout uncontrollably at
                  | your foes. [potion of mutation]
 10305 | Lair:2   | Gained mutation: You are frail. (-10% HP) [potion of
                  | mutation]
 10306 | Lair:2   | Lost mutation: You are frail. (-10% HP) [potion of
                  | mutation]
 10306 | Lair:2   | Lost mutation: Your magical capacity is low. (-10% MP)
                  | [potion of mutation]
 10306 | Lair:2   | Lost mutation: You are occasionally teleported next to
                  | monsters. [potion of mutation]
 10306 | Lair:2   | Gained mutation: You are weak. (Str -2) [potion of
                  | mutation]
 10306 | Lair:2   | Gained mutation: You occasionally lose the ability to read
                  | scrolls when taking damage. [potion of mutation]
 10307 | Lair:2   | Lost mutation: You are weak. (Str -2) [potion of mutation]
 10307 | Lair:2   | Lost mutation: You occasionally lose the ability to read
                  | scrolls when taking damage. [potion of mutation]
 10307 | Lair:2   | Gained mutation: You possess an exceptional clarity of
                  | mind. [potion of mutation]
 10307 | Lair:2   | Gained mutation: You are robust. (+10% HP) [potion of
                  | mutation]
 10490 | Lair:2   | HP: 7/224 [wolf (7)]
 10490 | Lair:2   | HP: 3/224 [wyvern (4)]
 10491 | Lair:2   | Slain by a wolf

Illustrated notes

Levels and vault maps discovered:
D:1:      erik_arrival_cave_to_civilisation [erik_arrival_cave_to_temple],
          layout_basic, dreamdust_ecumenical_altar_grove, chequers_avenue
D:2:      minmay_skewed_foursquare, layout_loops_corners, uniq_natasha
D:3:      layout_basic, lightli_temple_of_fire, gammafunk_ghost_nasty_kobolds,
          uniq_jessica
D:4:      layout_rooms, lemuel_coloured_pillars_altar,
          mainiacjoe_overflow_big_doors, grunt_dithmenos_smoke,
          kennysheep_generic_room_9
D:5:      layout_basic, minmay_lizard_king
D:6:      layout_basic, mainiacjoe_overflow_alcove_4,
          mainiacjoe_sewer_entry_somewhere_in_here_2, uniq_grinder
D:7:      layout_basic, minmay_temple_entry_statues_fountains
D:8:      layout_gridville, enter_bailey_6, chequers_mini_garden,
          nrook_mini_backslash, uniq_grum, uniq_erica, uniq_maggie
D:9:      layout_cave_pools, dpeg_lair_monsters, amcnicky_mini_corridor_feature,
          hangedman_abyss_or_decor_passed, kennysheep_decorative_pillar
D:10:     layout_stronghold, ashenzari_conservatory_becter, old_standard_altar
D:11:     layout_basic, orc_0_dummy, evilmike_minifort, uniq_josephine
Lair:1:   gammafunk_cloud_chamber, layout_chaotic_city, gauntlet_entry_generic,
          gammafunk_ghost_cemetery
Lair:2:   layout_long_grid, serial_bayou_pond_e, evilmike_ambush
          [evilmike_ambush_outer_basic, evilmike_ambush_inner_pond], uniq_sonja,
          uniq_gastronok

Skill      XL: |  1  2  3  4  5  6  7  8  9 10 11 12 |
---------------+-------------------------------------+-----
Fighting       | 1 2 3 4 6 7 8 9 |  9.2
Unarmed Combat | 4 5 6 7 9 10 12 13 14 | 14.6
Shapeshifting  | 4 5 6 7 8 9 13 | 13.2
Dodging        | |  1.5

Action                     |  1- 3 |  4- 6 |  7- 9 | 10-12 | 13-15 || total
---------------------------+-------+-------+-------+-------+-------++-------
  Melee: Unarmed           |    89 |   142 |   200 |   301 |    35 ||   767
         Punch             |     3 |     3 |    11 |     8 |       ||    25
         Constrict         |       |       |       |    15 |     2 ||    17
  Throw: Dart              |       |       |     7 |       |       ||     7
 Invoke: Berserk           |       |       |     4 |    13 |     2 ||    19
         Trog's Hand       |       |       |     1 |     5 |     1 ||     7
  Evoke: Wand              |       |       |       |     5 |       ||     5
    Use: Scroll            |       |     5 |     8 |     5 |       ||    18
         Potion            |       |       |       |     6 |     5 ||    11
   Stab: Sleeping          |       |     2 |       |       |       ||     2
 Armour: Animal skin       |    46 |   107 |    31 |       |       ||   184
         Troll leather arm |       |       |   110 |   179 |       ||   289
         Skin              |       |       |       |   140 |    65 ||   205
  Dodge: Dodged            |    32 |    74 |    85 |   119 |    32 ||   342
   Form: Anaconda          |       |       |       |     1 |       ||     1

Table legend: (Time is in decaauts)
 A = Elapsed time spent in this place.
 B = Non-inter-level travel time spent in this place.
 C = Inter-level travel time spent in this place.
 D = Time resting spent in this place.
 E = Time spent auto-exploring this place.
 F = Levels seen in this place.
 G = Mean time per level.
                   A        B        C        D        E       F      G
               +--------+--------+--------+--------+--------+-----+--------+
         Total |  10532 |  10036 |    496 |      0 |   7820 |  16 |  658.2 |
       Dungeon |   8489 |   8062 |    427 |      0 |   6502 |  11 |  771.7 |
          Lair |   1270 |   1201 |     69 |      0 |    947 |   2 |  635.0 |
         Sewer |    141 |    141 |      0 |      0 |     72 |   1 |  141.0 |
        Bailey |    221 |    221 |      0 |      0 |    111 |   1 |  221.0 |
      Gauntlet |    408 |    408 |      0 |      0 |    187 |   1 |  408.0 |
               +--------+--------+--------+--------+--------+-----+--------+

Top non-repeatable levels by time:
    D:10: 1135 daAuts
     D:2: 990 daAuts
     D:1: 988 daAuts
     D:5: 893 daAuts
     D:7: 880 daAuts
     D:3: 858 daAuts
  Lair:1: 853 daAuts
     D:9: 673 daAuts
     D:8: 621 daAuts
     D:4: 607 daAuts
     D:6: 584 daAuts
  Lair:2: 417 daAuts
Gauntlet: 408 daAuts
    D:11: 255 daAuts
  Bailey: 221 daAuts
